 Dungeon Crawl Stone Soup version 0.30.1-9-gdf580d7c3d (webtiles) character file.

Game seed: 14463205561102484503

85 nonceun the Chopper (level 4, -4/39 HPs)
             Began as a Minotaur Berserker on Sept 30, 2023.
             Was a Believer of Trog.
             Slain by Ijyb
             ... wielding a +7 dagger of venom
              (12 damage)
             ... on level 2 of the Dungeon.
             The game lasted 00:07:35 (1541 turns).

nonceun the Chopper (Minotaur Berserker)            Turns: 1541, Time: 00:07:35

Health: -4/39      AC:  0    Str: 24    XL:     4   Next: 25%
Magic:  3/3        EV: 11    Int:  4    God:    Trog [**....]
Gold:   67         SH:  0    Dex:  9    Spells: 3/3 levels left

rFire   . . .        a - +0 hand axe
rCold   . . .        (no shield)
rNeg    . . .        n - +0 leather armour
rPois   .            (helmet restricted)
rElec   .            (no cloak)
rCorr   .            (no gloves)
SInv    .            (no boots)
Will    .....        (no amulet)
Stlth   +            (no ring)
HPRegen 0.26/turn    (no ring)
MPRegen 0.08/turn

%: no passive effects
@: lethally poisoned (-4 -> -22), corroded
A: horns 2, retaliatory headbutt
a: Renounce Religion, Berserk, Trog's Hand


You were on level 2 of the Dungeon.
You worshipped Trog.
Trog was pleased with you.
You visited 1 branch of the dungeon, and saw 3 of its levels.

You collected 87 gold pieces.
You spent 20 gold pieces at shops.

Inventory:

Hand Weapons
 a - a +0 hand axe (weapon)
Armour
 n - a +0 leather armour (worn)
Scrolls
 c - 4 scrolls of identify {unknown}
 d - a scroll of fear {unknown}
 i - 2 scrolls of teleportation {unknown}
 k - a scroll of butterflies {unknown}
 l - a scroll of magic mapping {unknown}
 m - 2 scrolls of vulnerability {unknown}
Potions
 e - a potion of degeneration {unknown}
 f - 3 potions of brilliance {unknown}
 g - a potion of flight {unknown}
 h - 2 potions of might {unknown}
 j - 2 potions of attraction {unknown}


   Skills:
 - Level 3.6 Fighting
 + Level 6.2 Axes
 - Level 2.4 Armour
 - Level 2.1 Dodging


You had 3 spell levels left.
You didn't know any spells.
Your spell library was empty.

Dungeon Overview and Level Annotations

Branches:
Dungeon (3/15)

Altars:
Uskayaw
Vehumet

Shops:
D:2 [*:

Annotations:
D:2 Ijyb


Innate Abilities, Weirdness & Mutations

You have a pair of horns on your head.
You reflexively headbutt those who attack you in melee.


Message History

Trog accepts your kill.
c - 4 scrolls labelled QITHEU NUDAU (gained 1) Done exploring.
Done exploring.
There is an open door here.
Items here: )) [ †††.
There is a stone staircase leading down here.
Done exploring.
You climb downwards.
Ijyb shouts!
The jackal barks! x4
Found a dagger.
Found a hide-covered altar of Uskayaw.
There is a stone staircase leading up here.
Ijyb zaps a wand.
The bolt of acid misses you.
The bolt of acid hits the jackal!
The acid corrodes the jackal!
The jackal dies!
You climb upwards.
There is a stone staircase leading down here.
You hit Ijyb but do no damage. Your headbutt misses Ijyb.
Ijyb zaps a wand.
The bolt of acid hits you! The acid corrodes you!
You hit Ijyb but do no damage.
Ijyb zaps a wand.
The bolt of acid misses you.
You slash Ijyb!
Ijyb is moderately wounded.
Ijyb closely misses you. You furiously retaliate!
You headbutt Ijyb! You closely miss Ijyb.
Ijyb is severely wounded.
You hit Ijyb.
Ijyb is severely wounded.
Ijyb hits you with a +7 dagger of venom.
You are poisoned.
You hit Ijyb.
Ijyb is severely wounded.
You feel very sick.
Ijyb hits you with a +7 dagger of venom.
You are lethally poisoned!
You barely miss Ijyb.
Ijyb is severely wounded.
* * * LOW HITPOINT WARNING * * *
You feel very sick.
Ijyb hits you with a +7 dagger of venom!
You die...

#...............##.##.####.
#.#................##.# #. ####
#.#.........#.#.......# #. ...#
#.........###.######### #. .#.#
#..###....# #.# #. .#.# #..#
#....###+## #. .#.#
#..######.##...## #. .#.# #.....#
#.#.....## ####. .#.# ##..#.#
#.@......## ##.##.
...#####....###.g.......####...#.
........................+........
########....###.........###....#.
##.#.# ##.......## #.#.#..
######.# ##.....## #......
#......# ##...## #...... #.######
##'## ##.#### #.# #÷########.#


You could see Ijyb.

Vanquished Creatures
  3 gnolls (D:2)
  2 adders (D:2)
  4 ball pythons
  4 bats
  An endoplasm (D:1)
  4 hobgoblins
  3 jackals (D:2)
  A kobold (D:2)
  3 quokkas
  3 frilled lizards (D:2)
  4 goblins
  4 rats (D:2)
36 creatures vanquished.

Vanquished Creatures (others)
  A jackal (D:3)
1 creature vanquished.

Grand Total: 37 creatures vanquished

Notes
Turn   | Place    | Note
-------+----------+-------------------------------------------
     0 | D:1      | nonceun the Minotaur Berserker began the quest for the Orb.
     0 | D:1      | Reached XP level 1. HP: 19/19 MP: 0/0
    62 | D:1      | Reached skill level 4 in Axes
   180 | D:1      | Reached XP level 2. HP: 26/26 MP: 1/1
   503 | D:2      | Found Fymp's Antique Armour Emporium.
   576 | D:2      | Found Unitezef's Book Shoppe.
   610 | D:2      | Identified the +1 short sword of Kismet {pain, rF+ Int+2}
   725 | D:2      | Found Zifiump's Assorted Antiques.
   728 | D:2      | Bought a scroll labelled GAPPERI TYQYSH for 20 gold pieces
   792 | D:2      | Reached skill level 5 in Axes
   792 | D:2      | Reached XP level 3. HP: 19/31 MP: 2/2
  1118 | D:2      | Found a radiant altar of Vehumet.
  1158 | D:2      | Reached skill level 6 in Axes
  1158 | D:2      | Reached XP level 4. HP: 38/39 MP: 3/3
  1365 | D:2      | Reached ** piety under Trog
  1532 | D:3      | Noticed a +0 dagger
  1532 | D:3      | Noticed a +0 dagger
  1532 | D:3      | Noticed Ijyb
  1532 | D:3      | Found a hide-covered altar of Uskayaw.
  1541 | D:2      | Slain by Ijyb

Illustrated notes

Levels and vault maps discovered:
D:1:      minmay_arrival_five_plusses, layout_rooms, kennysheep_boxes
D:2:      layout_loops_corners, serial_shops, shop,
          nicolae_shop_tiny_real_fake_doors, nicolae_shop_peninsula, basic_altar
D:3:      kennysheep_goblin_castle, layout_basic, lemuel_coloured_pillars_altar,
          dancing_weapons_uskayaw, general_overflow_altar, st_stairs_4,
          chequers_big_river, uniq_grinder, uniq_jessica, uniq_ijyb

Skill      XL: |  1  2  3 |
---------------+----------+-----
Axes           | 4 5 6 |  6.2
Fighting       | |  3.6
Armour         | |  2.4
Dodging        | |  2.1

Action                     |  1- 3 |  4- 6 || total
---------------------------+-------+-------++-------
  Melee: Hand axe          |    83 |    26 ||   109
         Headbutt          |     7 |     1 ||     8
         Punch             |     1 |       ||     1
 Invoke: Berserk           |     1 |       ||     1
 Armour: Animal skin       |    11 |     1 ||    12
  Dodge: Dodged            |    50 |    12 ||    62
